 Dungeon Crawl Stone Soup version 0.25-a0-265-g7af84ae0ac (webtiles) character file.

Game seed: 17850366753851402670, levelgen mode: deterministic

8736 mohammtwit the Charlatan (level 11, 0/83 HPs)
             Began as a Gnoll Wanderer on Dec 7, 2019.
             Was a Follower of Uskayaw.
             Slain by an acid dragon (2 damage)
             ... on level 11 of the Dungeon.
             The game lasted 00:27:04 (13200 turns).

mohammtwit the Charlatan (Gnoll Wanderer)          Turns: 13200, Time: 00:27:05

Health: 0/83       AC:  9    Str: 21    XL:     11   Next: 35%
Magic:  21/21      EV:  8    Int: 14    God:    Uskayaw [*.....]
Gold:   530        SH: 17    Dex: 16    Spells: 20/23 levels left

rFire    . . .     SeeInvis +   a - +8 hand axe "Dirph" {chop, *Rage rN++ MR+ Dex+4}
rCold    . . .     Gourm    .   w - +2 large shield
rNeg     + + .     Faith    .   u - +1 chain mail {rPois}
rPois    +         Spirit   .   g - +0 helmet (curse)
rElec    .         Reflect  .   n - +0 cloak
rCorr    .         Harm     .   (no gloves)
MR       +....     Rnd*Rage +   e - +2 pair of boots {run}
Stlth    ..........             y - amulet of the acrobat
HPRegen  0.23/turn              L - ring of flight
MPRegen  0.17/turn              P - ring of see invisible

@: corroded, berserk cooldown, slowed, very slow
A: distributed training, fangs 1, strong nose
a: Stomp, Renounce Religion, Evoke Flight


You were on level 11 of the Dungeon.
You worshipped Uskayaw.
Uskayaw was noncommittal.
You were not hungry.

You visited 2 branches of the dungeon, and saw 12 of its levels.

You collected 672 gold pieces.
You spent 142 gold pieces at shops.

Inventory:

Hand Weapons
 a - the +8 hand axe "Dirph" (weapon) {chop, *Rage rN++ MR+ Dex+4}
   (You found it on level 6 of the Dungeon)

   It inflicts extra damage upon your enemies.
   It affects your dexterity (+4).
   It greatly protects you from negative energy.
   It affects your resistance to hostile enchantments.
   It may make you go berserk in combat.
 b - a +0 morningstar of protection
 R - a +2 broad axe of distortion
Missiles
 k - 12 boomerangs (quivered)
 m - 3 curare-tipped darts
 v - 2 throwing nets
Armour
 e - a +2 pair of boots of running (worn)
 g - a cursed +0 helmet (worn)
 n - a +0 cloak (worn)
 u - a +1 chain mail of poison resistance (worn)
 w - a +2 large shield (worn)
 S - a +2 scale mail of cold resistance
Jewellery
 j - an uncursed ring of wizardry
 y - an amulet of the acrobat (around neck)
 J - an uncursed ring of ice
 L - a ring of flight (left hand)
 P - a ring of see invisible (right hand)
Wands
 d - a wand of random effects (15)
Scrolls
 h - 2 scrolls of magic mapping
 l - 2 scrolls of teleportation {unknown}
 o - a scroll of amnesia {unknown}
 r - a scroll of blinking {unknown}
 t - 2 scrolls of random uselessness {unknown}
 C - 2 scrolls of enchant weapon {unknown}
 D - 2 scrolls of noise {unknown}
 F - 2 scrolls of immolation
 H - 4 scrolls of remove curse
 N - a scroll of fear {unknown}
 Q - a scroll of identify
Potions
 i - 6 potions of curing
 p - a potion of brilliance
 q - 3 potions of lignification
 s - a potion of magic
 x - a potion of might
 A - 2 potions of berserk rage
 B - 2 potions of heal wounds {unknown}
 E - 4 potions of flight
 G - a potion of invisibility {unknown}
 I - a potion of cancellation {unknown}
 K - a potion of agility
 M - a potion of haste
Comestibles
 f - 19 rations
 O - 14 chunks of flesh


   Skills:
 + Level 6.7 Fighting
 + Level 6.1 Short Blades
 + Level 6.1 Long Blades
 + Level 6.1 Axes
 + Level 6.1 Maces & Flails
 + Level 6.1 Polearms
 + Level 7.7 Staves
 + Level 6.1 Slings
 + Level 6.1 Bows
 + Level 6.1 Crossbows
 + Level 6.1 Throwing
 + Level 6.1 Armour
 + Level 6.7 Dodging
 + Level 6.6 Stealth
 + Level 6.1 Shields
 + Level 6.1 Unarmed Combat
 + Level 6.8 Spellcasting
 + Level 5.0 Conjurations
 + Level 5.0 Hexes
 + Level 5.0 Charms
 + Level 5.0 Summonings
 + Level 5.0 Necromancy
 + Level 5.0 Translocations
 + Level 5.0 Transmutations
 + Level 5.0 Fire Magic
 + Level 5.0 Ice Magic
 + Level 5.0 Air Magic
 + Level 5.0 Earth Magic
 + Level 6.4 Poison Magic
 + Level 6.7 Invocations
 + Level 7.7 Evocations


You had 20 spell levels left.
You knew the following spells:

 Your Spells              Type           Power        Failure   Level  Hunger
a - Conjure Flame         Conj/Fire      ###.....     99%         3    ##.....

Your spell library contained the following spells:

 Spells                   Type           Power        Failure   Level  Hunger
 Beastly Appendage        Tmut           ###...       86%         1    None
 Foxfire                  Conj/Fire      ###.         86%         1    None
 Magic Dart               Conj           ###.         86%         1    None
 Searing Ray              Conj           ###...       95%         2    #......
 Sticks to Snakes         Tmut           ###.....     95%         2    #......
 Spider Form              Tmut/Pois      ###.......   98%         3    ##.....
 Dazzling Flash           Conj/Hex       ###...       99%         3    ##.....
 Inner Flame              Hex/Fire       ###.....     99%         3    ##.....
 Fulminant Prism          Conj/Hex       ###.......   100%        4    ####...
 Ice Form                 Ice/Tmut       ###.....     100%        4    ####...
 Iskenderun's Mystic Bla  Conj/Tloc      ###.....     100%        4    ####...
 Sticky Flame             Conj/Fire      ###.....     100%        4    ####...
 Blade Hands              Tmut           ###.......   100%        5    ######.
 Fireball                 Conj/Fire      ###.......   100%        5    ######.


Dungeon Overview and Level Annotations

Branches:
Dungeon (11/15)            Temple (1/1) D:6            Lair (0/6) D:9
    Orc: D:9-12

Altars:
Ashenzari
Cheibriados
Dithmenos
Elyvilon
Fedhas
Gozag
Hepliaklqana
Kikubaaqudgha
Makhleb
Nemelex Xobeh
Okawaru
Qazlal
Ru
Sif Muna
Trog
Uskayaw
Vehumet
Wu Jian
Xom
Yredelemnul
Zin
The Shining One
Lugonu

Shops:
D:4 }   D:5 *   D:9 %[*   D:10 =

Annotations:
D:4 exclusion: downstairs
D:5 bmj180's ghost, novice DrCj
D:7 exclusion: downstairs
D:9 3 runed translucent doors, Lanoc's ghost, novice TrAM
D:11 Gastronok


Innate Abilities, Weirdness & Mutations

Your experience applies equally to all skills.
You have very sharp teeth.
Your uncanny sense of smell can sniff out nearby items.


Message History

Unknown command.
You hit the acid dragon.
The acid dragon is moderately wounded.
The acid dragon spits acid at you. The splash of acid hits you!
The acid corrodes you!
You are splashed with acid!
* * * LOW HITPOINT WARNING * * *
You block the acid dragon's attack. The acid dragon closely misses you.
You hear a horrible gurgling sound!
You hear an angry hiss.
You feel better. You block the acid dragon's attack. The acid dragon claws you.
* * * LOW HITPOINT WARNING * * *
A wight comes into view.
It is wielding a +2 hand axe of chopping.
You hit the acid dragon.
The acid dragon is moderately wounded.
The acid dragon spits acid at you. The splash of acid hits you.
* * * LOW HITPOINT WARNING * * *
The acid corrodes you!
You are splashed with acid!
* * * LOW HITPOINT WARNING * * *
You block the acid dragon's attack. The acid dragon claws you.
You die...

........###.##)........
..........#.#.....##...
#...........##....##...
##.<...............###.
..........#.#..#......
..#....#######........
#.... ##....#.###.
#...... #.....###
....... ##..@..#
....... #..z#D##
....... ###. z# w......
#. zz #. .#. ∆ .. .#..
.. #. .. .. . ...


You could see an acid dragon and 4 wights.

Vanquished Creatures
  Urug (D:11)
  An unseen horror (D:10)
  Pikel (D:8)
  An ugly thing (D:11)
  An efreet (D:9)
  3 trolls
  A hippogriff (D:6)
  A shadow (D:9)
  Eustachio (D:5)
  2 hungry ghosts
  3 orc warriors
  4 sky beasts
  4 slaves (D:8)
  2 black bears (D:10)
  A necrophage (D:7)
  2 phantoms
  4 ice beasts
  An eye of draining (D:10)
  6 ogres
  6 centaurs
  A big kobold (D:10)
  6 bullfrogs
  4 scorpions
  5 killer bees (D:9)
  3 wights (D:10)
  A howler monkey (D:5)
  2 crimson imps
  11 orc priests
  3 jellies
  15 orc wizards
  A quasit (D:3)
  3 hounds
  3 centaur skeletons
  7 worker ants
  2 hound zombies
  9 adders
  3 gnolls (D:9)
  4 shadow imps
  An ooze (D:2)
  2 adder skeletons
  An adder zombie (D:6)
  2 worms
  2 dart slugs
  8 leopard geckos
  44 orcs
  3 ball pythons
  8 giant cockroaches
  7 goblins
  11 hobgoblins
  4 jackals (D:3)
  12 kobolds
  7 quokkas
  7 bats
  7 frilled lizards
  A quokka zombie (D:6)
  6 rats
262 creatures vanquished.

Vanquished Creatures (others)
  An orc wizard (D:11)
1 creature vanquished.

Grand Total: 263 creatures vanquished

Notes
Turn   | Place    | Note
-------+----------+-------------------------------------------
     0 | D:1      | mohammtwit the Gnoll Wanderer began the quest for the Orb.
     0 | D:1      | mohammtwit set off with the following items: a +2 dagger, a
                  | potion of haste, a +0 short sword, a wand of random effects
                  | (15), a +0 robe, a ration
     0 | D:1      | Reached XP level 1. HP: 17/17 MP: 4/4
   117 | D:1      | Reached XP level 2. HP: 10/23 MP: 5/5
   871 | D:2      | Reached XP level 3. HP: 28/28 MP: 7/7
  1109 | D:2      | Reached skill level 1 in Invocations
  1440 | D:2      | Reached skill level 1 in Short Blades
  1440 | D:2      | Reached skill level 1 in Long Blades
  1440 | D:2      | Reached skill level 1 in Axes
  1440 | D:2      | Reached skill level 1 in Maces & Flails
  1440 | D:2      | Reached skill level 1 in Polearms
  1440 | D:2      | Reached skill level 1 in Slings
  1440 | D:2      | Reached skill level 1 in Bows
  1440 | D:2      | Reached skill level 1 in Crossbows
  1440 | D:2      | Reached skill level 1 in Throwing
  1440 | D:2      | Reached skill level 1 in Armour
  1440 | D:2      | Reached skill level 1 in Shields
  1440 | D:2      | Reached skill level 1 in Unarmed Combat
  1440 | D:2      | Reached XP level 4. HP: 24/34 MP: 8/8
  1788 | D:2      | Found a white marble altar of Elyvilon.
  2031 | D:3      | Reached skill level 1 in Conjurations
  2031 | D:3      | Reached skill level 1 in Hexes
  2031 | D:3      | Reached skill level 1 in Charms
  2031 | D:3      | Reached skill level 1 in Summonings
  2031 | D:3      | Reached skill level 1 in Necromancy
  2031 | D:3      | Reached skill level 1 in Translocations
  2031 | D:3      | Reached skill level 1 in Transmutations
  2031 | D:3      | Reached skill level 1 in Fire Magic
  2031 | D:3      | Reached skill level 1 in Ice Magic
  2031 | D:3      | Reached skill level 1 in Air Magic
  2031 | D:3      | Reached skill level 1 in Earth Magic
  2340 | D:3      | Reached XP level 5. HP: 36/40 MP: 9/9
  2654 | D:3      | Found a snail-covered altar of Cheibriados.
  2993 | D:3      | Found a stormy altar of Qazlal.
  2993 | D:3      | Found a faded altar of an unknown god.
  2998 | D:3      | Found a glowing golden altar of the Shining One.
  3000 | D:3      | Found a shattered altar of Ashenzari.
  3001 | D:3      | Found a sparkling altar of Nemelex Xobeh.
  3162 | D:3      | Found an iron altar of Okawaru.
  3165 | D:3      | Found a bloodstained altar of Trog.
  3460 | D:4      | Found Cuujethra's Gadget Shoppe.
  3498 | D:4      | Reached XP level 6. HP: 41/47 MP: 9/11
  3720 | D:4      | Noticed a phantom
  3755 | D:4      | Killed a phantom
  3755 | D:4      | Reached skill level 5 in Staves
  3755 | D:4      | Reached skill level 5 in Evocations
  3908 | D:4      | Reached XP level 7. HP: 38/52 MP: 12/12
  4345 | D:5      | Entered Level 5 of the Dungeon
  4345 | D:5      | Found a runed translucent door.
  4345 | D:5      | Found Molloco's Assorted Antiques.
  4345 | D:5      | Noticed bmj180's ghost (novice DrCj)
  4987 | D:5      | Reached XP level 8. HP: 52/60 MP: 14/14
  5782 | D:5      | Found a shimmering blue altar of Sif Muna.
  6110 | D:5      | Noticed Eustachio
  6176 | D:5      | Killed Eustachio
  6792 | D:5      | Found a runed translucent door.
  7120 | D:6      | Reached XP level 9. HP: 65/66 MP: 16/16
  7339 | D:6      | Got a translucent hand axe
  7340 | D:6      | Identified the +8 hand axe "Dirph" {chop, *Rage rN++ MR+
                  | Dex+4} (You found it on level 6 of the Dungeon)
  7390 | D:6      | Found a staircase to the Ecumenical Temple.
  7413 | D:6      | Reached skill level 5 in Poison Magic
  7705 | D:6      | Reached skill level 5 in Spellcasting
  7830 | Temple   | Entered the Ecumenical Temple
  7921 | D:6      | Reached skill level 5 in Fighting
  7921 | D:6      | Reached skill level 5 in Dodging
  8344 | D:7      | Reached skill level 5 in Stealth
  8509 | D:7      | Found a burning altar of Makhleb.
  8682 | D:7      | Noticed a +0 hand axe
  8683 | D:7      | Noticed a +0 dagger
  8684 | D:7      | Found a hide-covered altar of Uskayaw.
  8871 | D:7      | Became a worshipper of Uskayaw the Reveler
  8895 | D:7      | Reached * piety under Uskayaw
  8908 | D:7      | Reached skill level 5 in Invocations
  8908 | D:7      | Reached ** piety under Uskayaw
  9061 | D:7      | Reached *** piety under Uskayaw
  9479 | D:8      | Reached XP level 10. HP: 73/74 MP: 18/18
  9692 | D:8      | Found a shadowy altar of Dithmenos.
  9708 | D:8      | Found an ornate altar of the Wu Jian Council.
  9822 | D:8      | Learned a level 3 spell: Conjure Flame
  9955 | D:8      | Noticed Pikel
  9970 | D:8      | Killed Pikel
  9970 | D:8      | Reached skill level 5 in Short Blades
  9970 | D:8      | Reached skill level 5 in Long Blades
  9970 | D:8      | Reached skill level 5 in Axes
  9970 | D:8      | Reached skill level 5 in Maces & Flails
  9970 | D:8      | Reached skill level 5 in Polearms
  9970 | D:8      | Reached skill level 5 in Slings
  9970 | D:8      | Reached skill level 5 in Bows
  9970 | D:8      | Reached skill level 5 in Crossbows
  9970 | D:8      | Reached skill level 5 in Throwing
  9970 | D:8      | Reached skill level 5 in Armour
  9970 | D:8      | Reached skill level 5 in Shields
  9970 | D:8      | Reached skill level 5 in Unarmed Combat
 10814 | D:9      | Reached **** piety under Uskayaw
 11023 | D:9      | Noticed Lanoc's ghost (novice TrAM)
 11029 | D:9      | Found a runed translucent gate.
 11029 | D:9      | Found a runed translucent gate.
 11031 | D:9      | Found a runed translucent gate.
 11043 | D:9      | Found Qoyjar's Assorted Antiques.
 11224 | D:9      | Found Soahei's Food Shop.
 11370 | D:9      | Reached ***** piety under Uskayaw
 11612 | D:9      | Found Bugaat's Antique Armour Shoppe.
 11619 | D:9      | Bought a pair of runed boots for 142 gold pieces
 11624 | D:9      | Identified a +2 pair of boots of running (You bought it in
                  | a shop on level 9 of the Dungeon)
 12127 | D:9      | Found a staircase to the Lair.
 12273 | D:10     | Entered Level 10 of the Dungeon
 12480 | D:10     | Found Yraesh's Jewellery Boutique.
 12524 | D:10     | Killed an unseen horror
 12524 | D:10     | Reached XP level 11. HP: 51/83 MP: 20/20
 13022 | D:11     | Noticed Urug
 13037 | D:11     | Killed Urug
 13037 | D:11     | Reached skill level 5 in Conjurations
 13037 | D:11     | Reached skill level 5 in Hexes
 13037 | D:11     | Reached skill level 5 in Charms
 13037 | D:11     | Reached skill level 5 in Summonings
 13037 | D:11     | Reached skill level 5 in Necromancy
 13037 | D:11     | Reached skill level 5 in Translocations
 13037 | D:11     | Reached skill level 5 in Transmutations
 13037 | D:11     | Reached skill level 5 in Fire Magic
 13037 | D:11     | Reached skill level 5 in Ice Magic
 13037 | D:11     | Reached skill level 5 in Air Magic
 13037 | D:11     | Reached skill level 5 in Earth Magic
 13175 | D:11     | Noticed a green ugly thing
 13181 | D:11     | Killed a green ugly thing
 13184 | D:11     | Noticed Gastronok
 13200 | D:11     | HP: 2/83 [acid (13)]
 13200 | D:11     | Slain by an acid dragon

Levels and vault maps discovered:
D:1:      lemuel_arrival_rhombus, layout_rooms
D:2:      layout_loops_ring, marbit_many_paths, minmay_misc_feat_enclosed
D:3:      layout_loops_corners, grunt_temple_overflow_open, cheibriados_altar_1,
          chequers_temple_overflow_minitemple
D:4:      layout_rooms, first_ration, serial_shops, shop_statue
D:5:      layout_loops_ring, nicolae_overflow_crystal_walls, serial_shops,
          nicolae_shop_stone, ebering_ghost_sewer_f, roderic_cross_of_infinity,
          uniq_eustachio
D:6:      layout_gridville, minmay_temple_entry_statues_pillars
D:7:      layout_rooms, kennysheep_little_box, dancing_weapons_uskayaw,
          serial_glass, glass_columns_b, glass_columns_a, glass_columns_a
D:8:      layout_layer_cave, kennysheep_mini, nicolae_dithmenos_the_darkroom,
          uniq_pikel
D:9:      layout_stronghold, lair_entry_dummy, gammafunk_ghost_split,
          serial_shops, nicolae_shop_trees, shop, nicolae_shop_crystal,
          grunt_ogre_cave
D:10:     layout_rooms, serial_shops, shop
D:11:     layout_cave_pools, minmay_fire_ice_demons, uniq_gastronok, uniq_urug,
          uniq_grum
Temple:   corrupted_temple

Skill      XL: |  1  2  3  4  5  6  7  8  9 10 11 |
---------------+----------------------------------+-----
Invocations    | 1 2 3 4 5 6 |  6.7
Short Blades   | 1 2 3 4 5 6 |  6.1
Long Blades    | 1 2 3 4 5 6 |  6.1
Axes           | 1 2 3 4 5 6 |  6.1
Maces & Flails | 1 2 3 4 5 6 |  6.1
Polearms       | 1 2 3 4 5 6 |  6.1
Slings         | 1 2 3 4 5 6 |  6.1
Bows           | 1 2 3 4 5 6 |  6.1
Crossbows      | 1 2 3 4 5 6 |  6.1
Throwing       | 1 2 3 4 5 6 |  6.1
Armour         | 1 2 3 4 5 6 |  6.1
Shields        | 1 2 3 4 5 6 |  6.1
Unarmed Combat | 1 2 3 4 5 6 |  6.1
Spellcasting   | 3 4 5 6 |  6.8
Conjurations   | 1 2 3 4 5 |  5.0
Hexes          | 1 2 3 4 5 |  5.0
Charms         | 1 2 3 4 5 |  5.0
Summonings     | 1 2 3 4 5 |  5.0
Necromancy     | 1 2 3 4 5 |  5.0
Translocations | 1 2 3 4 5 |  5.0
Transmutations | 1 2 3 4 5 |  5.0
Fire Magic     | 1 2 3 4 5 |  5.0
Ice Magic      | 1 2 3 4 5 |  5.0
Air Magic      | 1 2 3 4 5 |  5.0
Earth Magic    | 1 2 3 4 5 |  5.0
Fighting       | 3 4 5 6 |  6.7
Dodging        | 3 4 5 6 |  6.7
Poison Magic   | 4 5 6 |  6.4
Stealth        | 3 4 5 6 |  6.6
Staves         | 5 6 7 |  7.7
Evocations     | 5 6 7 |  7.7

Action                   |  1- 3 |  4- 6 |  7- 9 | 10-12 || total
-------------------------+-------+-------+-------+-------++-------
Melee: Dagger            |    29 |   142 |   148 |       ||   319
       Bite              |     9 |    20 |    50 |    42 ||   121
       Short sword       |    67 |    63 |       |       ||   130
       Punch             |     1 |     1 |     6 |     1 ||     9
       Morningstar       |       |    20 |   166 |    65 ||   251
       Hand axe          |       |       |    75 |   230 ||   305
Throw: Boomerang         |     7 |       |    15 |     2 ||    24
  Use: Potion            |       |       |     3 |     1 ||     4
       Scroll            |       |       |     7 |     6 ||    13
 Stab: Sleeping          |     3 |    10 |       |       ||    13
       Paralysed         |       |       |       |    22 ||    22
  Eat: Chunk             |     1 |    25 |    22 |     7 ||    55
       Ration            |       |       |     1 |       ||     1
Armor: Robe              |    12 |    25 |       |       ||    37
       Chain mail        |       |    67 |   234 |   165 ||   466
Dodge: Dodged            |    64 |   121 |   184 |    81 ||   450
Block: Large shield      |       |       |       |   210 ||   210

Table legend:
 A = Non-vault XP
 B = Vault XP
 C = Vault XP percentage of total XP
 D = Non-vault monster count
 E = Vault monster count
 F = Vault count percentage of total count
                 A         B        C        D         E       F
            +---------+---------+-------+---------+---------+-------
      Total |   10692 |    1788 |  14.3 |     252 |       7 |   2.7
            +---------+---------+-------+---------+---------+-------
        D:1 |      33 |       0 |   0.0 |      17 |       0 |   0.0
        D:2 |      68 |       1 |   1.4 |      27 |       1 |   3.6
        D:3 |     164 |       0 |   0.0 |      37 |       0 |   0.0
        D:4 |     463 |       0 |   0.0 |      17 |       0 |   0.0
        D:5 |    1094 |     226 |  17.1 |      20 |       3 |  13.0
        D:6 |    1273 |       0 |   0.0 |      20 |       0 |   0.0
        D:7 |    1259 |       0 |   0.0 |      27 |       0 |   0.0
        D:8 |     454 |     593 |  56.6 |      11 |       1 |   8.3
        D:9 |    2670 |     125 |   4.5 |      36 |       1 |   2.7
       D:10 |    1997 |       0 |   0.0 |      24 |       0 |   0.0
       D:11 |    1217 |     843 |  40.9 |      16 |       1 |   5.9
            +---------+---------+-------+---------+---------+-------
